[Event "Titled Tuesday Blitz March 08 Early 2022"]
[White "Levine, David"]
[Black "Rosenberg, Evan S"]
[WhiteFideId "2011611"]
[BlackFideId "2019299"]
[WhiteElo "2170"]
[BlackElo "2255"]
[Result "1-0"]
[Round "08"]
[TimeControl "180+1"]
[Date "2022.03.09"]
[WhiteClock "0:00:46"]
[BlackClock "0:00:07"]

1. d4 d5 2. c4 e6 3. g3 c5 4. cxd5 cxd4 5. Qxd4 Nc6 6. Qd1 exd5 7. Bg2 Nf6 8. Bg5 Bc5 9. Nf3 Bxf2+ 10. Kxf2 Ne4+ 11. Kf1 Nxg5 12. Nc3 d4 13. Nb5 Nxf3 14. exf3 O-O 15. Qd2 a6 16. Na3 d3 17. Rd1 Bf5 18. g4 Bg6 19. f4 h5 20. f5 Bh7 21. h3 Ne5 22. Qf4 Re8 23. Nc4 Nxc4 24. Qxc4 d2 25. Qc3 Rc8 26. Qxd2 Qxd2 27. Rxd2 Rc1+ 28. Kf2 Rxh1 29. Bxh1 hxg4 30. hxg4 b5 31. Bb7 a5 32. Ba6 b4 33. Bb5 Rb8 34. Rd7 g6 35. f6 g5 36. Bc4 Bg6 37. Rd5 Rc8 38. b3 Rc6 39. Rxa5 Rxf6+ 40. Ke3 Rf5 41. gxf5 1-0


[Site "https://www.chess.com"]

[Event "Titled Tuesday Blitz March 08 Early 2022"]
[White "Liyanage, Ranindu Dilshan"]
[Black "Vivas Zamora, Fabian Ernesto"]
[WhiteFideId "9915834"]
[BlackFideId "3902480"]
[WhiteElo "1858"]
[BlackElo "1966"]
[Result "1-0"]
[Round "08"]
[TimeControl "180+1"]
[Date "2022.03.09"]
[WhiteClock "0:00:05"]
[BlackClock "0:00:02"]

1. d4 Nf6 2. c4 g6 3. Nc3 d5 4. cxd5 Nxd5 5. e4 Nxc3 6. bxc3 Bg7 7. Bc4 c5 8. Ne2 Nc6 9. h4 cxd4 10. cxd4 Nxd4 11. Rb1 Bg4 12. f3 Nxf3+ 13. gxf3 Qxd1+ 14. Kxd1 O-O-O+ 15. Ke1 Bxf3 16. Rf1 Bxe4 17. Rb3 f5 18. Bg5 Bf6 19. Bxf6 exf6 20. Kf2 Rd2 21. Ke3 Rxa2 22. Rc3 Rc2 23. Be6+ Kb8 24. Rb3 Re8 25. Nd4 Bd5 26. Rfb1 Bxe6 27. Rxb7+ Ka8 28. Kd3 Rcc8 29. Rxh7 Bc4+ 30. Kd2 Red8 31. Ke3 Re8+ 32. Kf2 Rb8 33. Ra1 Rb7 34. Rh6 f4 35. Rxg6 Rd8 36. Nf3 Rb2+ 37. Kg1 Bd5 38. Ne1 1-0


[Site "https://www.chess.com"]

[Event "Titled Tuesday Blitz March 08 Early 2022"]
[White "Ljukin, Sergei"]
[Black "Zanette, Edgard Vinicius"]
[WhiteFideId "14102200"]
[BlackFideId "2109263"]
[WhiteElo "2312"]
[BlackElo "2182"]
[Result "1-0"]
[Round "08"]
[TimeControl "180+1"]
[Date "2022.03.09"]
[WhiteClock "0:00:08"]
[BlackClock "0:00:04"]

1. e4 e5 2. Nf3 Nc6 3. Bb5 a6 4. Ba4 Nf6 5. Qe2 b5 6. Bb3 Be7 7. c3 d5 8. exd5 Nxd5 9. Nxe5 Nxe5 10. Qxe5 Bb7 11. O-O O-O 12. d4 Re8 13. Qh5 g6 14. Qh6 Bd6 15. Bg5 Qd7 16. Nd2 Re2 17. Bd1 Re6 18. Bg4 f5 19. Bd1 Bf8 20. Qh4 Nb6 21. Bb3 Bd5 22. Rae1 Rae8 23. Bxd5 Qxd5 24. Rxe6 Qxe6 25. b3 Qc6 26. Qg3 Bd6 27. Qd3 Nd5 28. c4 Nb4 29. Qb1 a5 30. d5 Qd7 31. Be3 Na6 32. Bd4 Be5 33. Nf3 Bxd4 34. Nxd4 bxc4 35. bxc4 Nc5 36. Re1 Rxe1+ 37. Qxe1 Kf7 38. h3 Nd3 39. Qe3 Nc5 40. Qe5 Qd6 41. Qh8 h5 42. Qh7+ Ke8 43. Qg7 Ne4 44. Ne6 c5 45. Qxg6+ Kd7 46. Qxf5 Nc3 47. Qf7+ Kc8 48. Qxh5 Ne4 49. Qe8+ Kb7 50. Qb5+ Kc8 51. Qxa5 Nf6 52. Qa8+ Kd7 53. Qb7+ Ke8 54. Qc6+ Nd7 55. Qxd6 1-0


[Site "https://www.chess.com"]

[Event "Titled Tuesday Blitz March 08 Early 2022"]
[White "Madaminov, Mukhiddin"]
[Black "Siva Mahadevan"]
[WhiteFideId "14210703"]
[BlackFideId "25043153"]
[WhiteElo "1916"]
[BlackElo "2203"]
[Result "1-0"]
[Round "08"]
[TimeControl "180+1"]
[Date "2022.03.08"]
[WhiteClock "0:00:10"]
[BlackClock "0:00:09"]

1. d4 Nf6 2. Nc3 d5 3. Bf4 g6 4. Qd2 Bg7 5. O-O-O O-O 6. h4 c5 7. dxc5 Qa5 8. Kb1 Rd8 9. e4 Nc6 10. Nxd5 Nxd5 11. exd5 Qxc5 12. Be3 Qb4 13. Qxb4 Nxb4 14. Bc4 Bf5 15. Rd2 Nxc2 16. Rxc2 b5 17. Bb3 a5 18. a4 bxa4 19. Bxa4 Rxd5 20. Nf3 Rb8 21. b3 Rc8 22. Rc1 Rxc2 23. Rxc2 Bxc2+ 24. Kxc2 e5 25. Nd2 f5 26. f3 Bf6 27. b4 Kg7 28. Bc6 Rd8 29. b5 a4 30. Nc4 Bxh4 31. b6 Rc8 32. b7 Rxc6 33. b8=Q Rxc4+ 34. Kd3 Rd4+ 35. Bxd4 exd4 36. Qc7+ Kh6 37. Kxd4 Bf6+ 38. Kd5 a3 39. Qc1+ Kg7 40. Qxa3 h5 41. Qa7+ Kh6 42. Ke6 Bg5 43. Qf7 Bf4 44. Kf6 Bg5+ 45. Ke6 Bf4 46. Qf6 Bg5 47. Qh8# 1-0


[Site "https://www.chess.com"]

[Event "Titled Tuesday Blitz March 08 Early 2022"]
[White "Maevsky, Nikolay"]
[Black "Istvanovszki, Martin"]
[WhiteFideId "4198220"]
[BlackFideId "726958"]
[WhiteElo "2126"]
[BlackElo "2345"]
[Result "0-1"]
[Round "08"]
[TimeControl "180+1"]
[Date "2022.03.09"]
[WhiteClock "0:00:19"]
[BlackClock "0:00:26"]

1. d4 Nf6 2. Nf3 g6 3. c4 c5 4. d5 b5 5. cxb5 a6 6. e3 Bb7 7. Nc3 Bg7 8. a4 O-O 9. bxa6 Nxa6 10. Bc4 e6 11. O-O Nb4 12. e4 exd5 13. exd5 d6 14. Bg5 Re8 15. h3 h6 16. Bf4 Ne4 17. Rc1 Ba6 18. Bb5 Nxc3 19. bxc3 Bxb5 20. axb5 Na2 21. Rc2 Nxc3 22. Qd2 g5 23. Be3 Nxb5 24. Qd3 Nc7 25. Rd1 Qf6 26. Nh2 Qg6 27. Qd2 Re5 28. Ng4 Rxd5 29. Qc1 Rxd1+ 30. Qxd1 h5 31. Nh2 Re8 32. Nf1 Ne6 33. Qxd6 Qxc2 34. Qd7 Rd8 35. Qe7 Qg6 36. Bxc5 Qf6 37. Qxf6 Bxf6 38. Be3 Bd4 39. Ng3 Bxe3 40. fxe3 h4 41. Ne4 Kg7 42. Kf2 Ra8 43. Kf3 Ra2 44. Nd6 Kg6 45. Ke4 f5+ 46. Nxf5 Ra4+ 47. Ke5 Ra5+ 48. Kxe6 Rxf5 49. e4 Rf2 50. e5 Rxg2 51. Kd7 g4 52. e6 Re2 53. e7 gxh3 54. e8=Q+ Rxe8 55. Kxe8 h2 56. Kf8 h1=Q 57. Kg8 Qg1 58. Kh8 h3 59. Kg8 h2 60. Kf8 Qa7 61. Ke8 Kf6 62. Kd8 Ke6 63. Ke8 Qb8# 0-1


[Site "https://www.chess.com"]

[Event "Titled Tuesday Blitz March 08 Early 2022"]
[White "Maksimovic, Bojan"]
[Black "Skliarov, Viktor"]
[WhiteFideId "14408120"]
[BlackFideId "14106736"]
[WhiteElo "2448"]
[BlackElo "2229"]
[Result "0-1"]
[Round "08"]
[TimeControl "180+1"]
[Date "2022.03.09"]
[WhiteClock "0:01:10"]
[BlackClock "0:00:32"]

1. a3 g6 2. c4 Bg7 3. Nc3 Nf6 4. b4 O-O 5. Bb2 a5 6. b5 b6 7. Nf3 Bb7 8. e3 d5 9. cxd5 Nxd5 10. Qc2 c5 11. bxc6 Nxc6 12. Nxd5 Qxd5 13. Bxg7 Kxg7 14. Bc4 Qc5 15. d4 Qh5 16. O-O e5 17. Qb2 exd4 18. Nxd4 Nxd4 19. Qxd4+ Kg8 20. Qxb6 Bxg2 21. Kxg2 Qg4+ 22. Kh1 Qf3+ 23. Kg1 Qg4+ 24. Kh1 Qxc4 25. Rac1 Qe4+ 26. Kg1 Rfb8 27. Qc6 Qg4+ 28. Qg2 Qxg2+ 29. Kxg2 Rb3 30. Ra1 Rc8 31. Rfd1 Rcc3 32. a4 Ra3 33. Rab1 Rxa4 34. Rb7 Rc5 35. Rdd7 Rg5+ 36. Kh3 Rf5 37. Kg3 h5 38. f4 g5 39. fxg5 Rg4+ 0-1


[Site "https://www.chess.com"]

[Event "Titled Tuesday Blitz March 08 Early 2022"]
[White "Manelyuk, Daniil"]
[Black "Derige Kane, Yan"]
[WhiteFideId "44173920"]
[BlackFideId "20665431"]
[WhiteElo "2222"]
[BlackElo "2169"]
[Result "1-0"]
[Round "08"]
[TimeControl "180+1"]
[Date "2022.03.09"]
[WhiteClock "0:00:47"]
[BlackClock "0:01:08"]

1. e4 d5 2. exd5 c6 3. d6 exd6 4. Nf3 d5 5. d4 Bd6 6. Bd3 Ne7 7. O-O Nd7 8. h3 O-O 9. c3 Ng6 10. Bg5 Qc7 11. Qc2 Re8 12. Nbd2 Ndf8 13. Rae1 Bd7 14. Nb3 Ne6 15. Bd2 a5 16. a4 Nef4 17. Bxf4 Bxf4 18. Nc5 b6 19. Nxd7 Qxd7 20. Bxg6 hxg6 21. Ne5 Qd6 22. Nd3 Bg5 23. Re2 Re4 24. Rfe1 Rae8 25. Ne5 Rxe2 26. Rxe2 Qe6 27. Kf1 c5 28. dxc5 bxc5 29. Nd3 Qxe2+ 30. Qxe2 Rxe2 31. Kxe2 c4 32. Ne5 Bc1 33. Nc6 Bxb2 34. Kd2 Kf8 35. Nxa5 d4 36. Nxc4 Bxc3+ 37. Kd3 Ke8 38. Ne5 g5 39. Nf3 f6 40. Nxd4 Be1 41. f3 Kd7 42. Ke4 g6 43. Kd5 Bf2 44. Ne6 Be3 45. a5 f5 46. Nf8+ Ke7 47. Nxg6+ Kf6 48. Ne5 g4 49. hxg4 Kg5 50. gxf5 Kxf5 51. a6 1-0


[Site "https://www.chess.com"]

[Event "Titled Tuesday Blitz March 08 Early 2022"]
[White "Manukian, Artak"]
[Black "Rustemov, Alexander"]
[WhiteFideId "13301373"]
[BlackFideId "4119002"]
[WhiteElo "2513"]
[BlackElo "2758"]
[Result "0-1"]
[Round "08"]
[TimeControl "180+1"]
[Date "2022.03.09"]
[WhiteClock "0:00:51"]
[BlackClock "0:00:45"]

1. e4 e6 2. d4 d5 3. e5 c5 4. c3 Qb6 5. Nf3 Bd7 6. a3 Bb5 7. c4 Bxc4 8. Bxc4 dxc4 9. Nbd2 Qa6 10. Qe2 c3 11. bxc3 Qxe2+ 12. Kxe2 cxd4 13. cxd4 Ne7 14. Nc4 Nd5 15. Ne3 Nf4+ 16. Kd1 Nc6 17. g3 Ng6 18. Ke2 Rd8 19. Bb2 Nge7 20. Rhd1 Nd5 21. Ng5 Be7 22. Ne4 O-O 23. Nxd5 Rxd5 24. Nc3 Rxd4 25. Rxd4 Nxd4+ 26. Kd3 Rd8 27. Ke4 Nb3 28. Rd1 Rxd1 29. Nxd1 Kf8 30. f4 g6 31. g4 Ke8 32. Ne3 Nc5+ 33. Kd4 Na4 34. Bc1 Bc5+ 35. Ke4 Bxe3 36. Bxe3 a6 37. Bd4 b6 38. f5 Kd7 39. fxg6 fxg6 40. h4 Nc5+ 41. Bxc5 bxc5 42. Kd3 Kc6 43. Kc4 h6 44. a4 a5 45. g5 h5 0-1


[Site "https://www.chess.com"]

[Event "Titled Tuesday Blitz March 08 Early 2022"]
[White "Martin Duque, Jesus"]
[Black "Fernandez Siles, Luis"]
[WhiteFideId "2208954"]
[BlackFideId "2209420"]
[WhiteElo "2243"]
[BlackElo "2212"]
[Result "1-0"]
[Round "08"]
[TimeControl "180+1"]
[Date "2022.03.09"]
[WhiteClock "0:01:06"]
[BlackClock "0:00:49"]

1. Nf3 Nf6 2. b3 g6 3. Bb2 Bg7 4. g3 O-O 5. Bg2 d5 6. c4 c5 7. cxd5 Qxd5 8. Nc3 Qd6 9. Rc1 Nc6 10. Nb5 Qd5 11. Nc7 Qd8 12. Nxa8 Bg4 13. Rxc5 Qxa8 14. O-O Rd8 15. d3 Qc8 16. Qc2 Qe6 17. a3 Nd7 18. Rc4 Bxf3 19. Bxf3 Nde5 20. Bxe5 Nxe5 21. Re4 Nxf3+ 22. exf3 Qf5 23. Rxe7 Qxf3 24. Rfe1 Bd4 25. Re8+ Rxe8 26. Rxe8+ Kg7 27. Re4 Bb6 28. Qb2+ f6 29. Qe2 Qf5 30. Re7+ Kh6 31. a4 Bd4 32. Kg2 g5 33. Rxb7 g4 34. Re7 Qh5 35. Re4 Qd5 36. f3 Bb6 37. Rxg4 f5 38. Rc4 1-0


[Site "https://www.chess.com"]

[Event "Titled Tuesday Blitz March 08 Early 2022"]
[White "Matinian, Nikita"]
[Black "Svane, Rasmus"]
[WhiteFideId "24129100"]
[BlackFideId "4657101"]
[WhiteElo "2422"]
[BlackElo "2645"]
[Result "0-1"]
[Round "08"]
[TimeControl "180+1"]
[Date "2022.03.08"]
[WhiteClock "0:00:01"]
[BlackClock "0:01:04"]

1. e4 c6 2. Nc3 d5 3. Nf3 dxe4 4. Nxe4 Nf6 5. Qe2 Nxe4 6. Qxe4 Qa5 7. b4 Qd5 8. Bd3 Qxe4+ 9. Bxe4 Nd7 10. d4 Nf6 11. Bd3 e6 12. Rb1 Bd6 13. b5 cxb5 14. Bxb5+ Ke7 15. c4 b6 16. O-O Bb7 17. Re1 Be4 18. Rb3 Rhc8 19. Ne5 a6 20. Ba4 Bc2 21. c5 Bxe5 22. dxe5 Nd5 23. cxb6 Bxb3 24. Ba3+ Kd8 25. Bxb3 Nxb6 26. Rd1+ Nd5 27. Bxd5 exd5 28. Rxd5+ Ke8 29. g4 Rc2 30. Bd6 Rxa2 31. Rc5 Ra7 32. Kg2 Kd7 33. Kg3 a5 34. f4 a4 35. f5 a3 36. Rc3 Ra1 37. Rd3 Kc6 38. e6 fxe6 39. fxe6 a2 40. Be5 Re1 41. Rc3+ Kd5 42. Bxg7 a1=Q 0-1


[Site "https://www.chess.com"]

[Event "Titled Tuesday Blitz March 08 Early 2022"]
[White "Matveeva, Olga"]
[Black "Van den Dikkenberg, Erik"]
[WhiteFideId "24107018"]
[BlackFideId "1005880"]
[WhiteElo "2083"]
[BlackElo "2118"]
[Result "1-0"]
[Round "08"]
[TimeControl "180+1"]
[Date "2022.03.09"]
[WhiteClock "0:00:12"]
[BlackClock "0:00:05"]

1. d4 Nf6 2. c4 g6 3. g3 Bg7 4. Bg2 O-O 5. Nc3 d6 6. Nf3 c6 7. O-O Nbd7 8. h3 Re8 9. e4 e5 10. Be3 Qe7 11. Qc2 a5 12. b3 exd4 13. Nxd4 Nc5 14. f3 Nh5 15. g4 Nf4 16. Bxf4 Bxd4+ 17. Kh2 Ne6 18. Bg3 Bg7 19. Rad1 Nd4 20. Qd2 c5 21. Nd5 Qd8 22. f4 Be6 23. f5 Bxd5 24. cxd5 Be5 25. Qh6 Bxg3+ 26. Kxg3 Re5 27. f6 Qf8 28. Qd2 b6 29. Kh2 Rae8 30. h4 h5 31. g5 Rb8 32. Qf2 Qc8 33. Bh3 Qe8 34. Bg2 Qd7 35. Qf4 Rbe8 36. Rfe1 Qb5 37. Rd2 Qb4 38. Red1 Qc3 39. Qg3 Qb4 40. Qf4 Qb5 41. Qg3 Qd7 42. Bh3 Qb5 43. Bg2 Qb4 44. Qh3 Qb5 45. Rd3 a4 46. bxa4 Qxa4 47. a3 Qc4 48. Rc3 Qe2 49. Rdc1 Rxe4 50. Kh1 Re3 51. Rxe3 Rxe3 52. Qc8+ Kh7 53. Qf8 Qg4 54. Qg7# 1-0


[Site "https://www.chess.com"]

[Event "Titled Tuesday Blitz March 08 Early 2022"]
[White "Mayaud, Raphael"]
[Black "Einarsson, Halldor Gretar"]
[WhiteFideId "627151"]
[BlackFideId "2300150"]
[WhiteElo "2191"]
[BlackElo "2114"]
[Result "1/2-1/2"]
[Round "08"]
[TimeControl "180+1"]
[Date "2022.03.09"]
[WhiteClock "0:00:28"]
[BlackClock "0:00:12"]

1. d4 Nf6 2. Bg5 c5 3. d5 Qb6 4. Nc3 g6 5. e4 Bg7 6. Rb1 O-O 7. Nf3 d6 8. Be2 Bg4 9. Nd2 Bxe2 10. Qxe2 Nbd7 11. O-O h6 12. Bh4 e6 13. Nc4 Qa6 14. Rfd1 exd5 15. Nxd5 Nxd5 16. exd5 Ne5 17. b3 Rae8 18. f4 Nxc4 19. Qxc4 Qxc4 20. bxc4 b6 21. Re1 Bd4+ 22. Bf2 Bxf2+ 23. Kxf2 f5 24. a4 Kf7 25. a5 Rb8 26. axb6 axb6 27. Ra1 Rb7 28. Ra6 Re8 29. Rb1 Re4 30. Rbxb6 Rxb6 31. Rxb6 Rxf4+ 32. Ke3 Rxc4 33. Rxd6 Rxc2 34. Rd7+ Kf6 35. Rd6+ Ke5 36. Rxg6 Kxd5 37. Kf4 Rf2+ 38. Ke3 Ra2 39. Kf4 Rf2+ 40. Ke3 Ra2 41. Kf4 Rf2+ 1/2-1/2


[Site "https://www.chess.com"]

[Event "Titled Tuesday Blitz March 08 Early 2022"]
[White "Mekhitarian, Krikor Sevag"]
[Black "Lima, Kleyton Alcantara"]
[WhiteFideId "2107660"]
[BlackFideId "22718397"]
[WhiteElo "2598"]
[BlackElo "1951"]
[Result "0-1"]
[Round "08"]
[TimeControl "180+1"]
[Date "2022.03.09"]
[WhiteClock "0:00:06"]
[BlackClock "0:00:07"]

1. e4 c5 2. Nf3 d6 3. d4 cxd4 4. Nxd4 Nf6 5. Nc3 a6 6. a3 e6 7. g4 h6 8. h4 Nc6 9. Rg1 d5 10. exd5 Nxd5 11. Nxd5 exd5 12. Be3 Qxh4 13. Qd2 Bxg4 14. Nxc6 bxc6 15. Qd4 h5 16. Be2 Qh2 17. f3 Be6 18. Bf2 c5 19. Qa4+ Bd7 20. Qa5 Qe5 21. O-O-O Rb8 22. c3 Be7 23. Rge1 Qf6 24. Bd3 O-O 25. Bxc5 Bxc5 26. Qxc5 Qxf3 27. Qd4 Bg4 28. Rf1 Qg2 29. Rd2 Qh3 30. Rdf2 Rb7 31. Bf5 Bxf5 32. Rxf5 Qg2 33. R5f2 Qg6 34. Re2 Rfb8 35. Rg1 Qh6+ 36. Kb1 g6 37. Reg2 Kh7 38. Qxd5 Qe3 39. Qc4 Rxb2+ 40. Rxb2 Qxg1+ 41. Ka2 Rxb2+ 42. Kxb2 Qf2+ 43. Kb3 h4 44. Qc8 Qf5 45. Qc7 h3 46. c4 Qf3+ 47. Kb4 Qf2 48. c5 h2 49. Qb7 Qb2+ 0-1


[Site "https://www.chess.com"]

[Event "Titled Tuesday Blitz March 08 Early 2022"]
[White "Mikhnenko, Alexander"]
[Black "Fus, Jakub"]
[WhiteFideId "34143014"]
[BlackFideId "1193023"]
[WhiteElo "2184"]
[BlackElo "2111"]
[Result "1/2-1/2"]
[Round "08"]
[TimeControl "180+1"]
[Date "2022.03.09"]
[WhiteClock "0:01:43"]
[BlackClock "0:02:14"]

1. e4 e5 2. Nf3 Nc6 3. Bb5 a6 4. Ba4 Nf6 5. O-O Be7 6. d4 exd4 7. e5 Ne4 8. Nxd4 Nxd4 9. Qxd4 Nc5 10. Bb3 O-O 11. Nc3 Nxb3 12. axb3 d6 13. Bf4 dxe5 14. Qxe5 Bd6 15. Qe3 Re8 16. Qg3 Bxf4 17. Qxf4 Be6 18. Rad1 Qe7 19. Rfe1 c6 20. Ne4 Red8 21. Rxd8+ Rxd8 22. Ng5 h6 23. Nxe6 Qxe6 24. Qc1 Qf6 25. c3 g6 26. Qxh6 a5 27. h4 Qf5 28. Qe3 Qc2 29. Qe7 Rd1 30. Qe8+ Kg7 31. Qe5+ Kg8 32. Qe8+ Kg7 33. Qe5+ Kg8 34. Qe8+ 1/2-1/2


[Site "https://www.chess.com"]

[Event "Titled Tuesday Blitz March 08 Early 2022"]
[White "Miszler, Levente"]
[Black "Johnson, Ben"]
[WhiteFideId "763276"]
[BlackFideId "2010917"]
[WhiteElo "1966"]
[BlackElo "2206"]
[Result "0-1"]
[Round "08"]
[TimeControl "180+1"]
[Date "2022.03.09"]
[WhiteClock "0:01:10"]
[BlackClock "0:00:12"]

1. Nf3 d5 2. g3 Nf6 3. Bg2 Bg4 4. O-O c6 5. d3 Nbd7 6. Nbd2 e6 7. e4 Qc7 8. h3 Bh5 9. Re1 dxe4 10. dxe4 O-O-O 11. c3 Kb8 12. Qc2 e5 13. b4 Bd6 14. a4 Nf8 15. Qb3 Ne6 16. Bb2 Nd7 17. Nc4 Be7 18. Rad1 h6 19. Rxd7 Rxd7 20. Nfxe5 Rdd8 21. b5 Bf6 22. Nf3 Nc5 23. Qb4 Nd3 24. Qb3 Bxf3 25. Ra1 Bxg2 26. Kxg2 Nxb2 27. Qxb2 cxb5 28. Qxb5 Rc8 29. Na5 Qb6 30. Qf5 Rc5 31. Qf4+ Qc7 32. Rb1 Qxf4 33. Nxb7 Qxe4+ 34. Kg1 Qxb7 0-1


[Site "https://www.chess.com"]

[Event "Titled Tuesday Blitz March 08 Early 2022"]
[White "Mitusov, Semen"]
[Black "Molina, Roberto Junio Brito"]
[WhiteFideId "14151049"]
[BlackFideId "2109450"]
[WhiteElo "2265"]
[BlackElo "2432"]
[Result "1-0"]
[Round "08"]
[TimeControl "180+1"]
[Date "2022.03.08"]
[WhiteClock "0:00:18"]
[BlackClock "0:00:34"]

1. e4 c6 2. d4 d5 3. e5 Bf5 4. h4 Qb6 5. Ne2 h6 6. Ng3 Bd7 7. c3 e6 8. Nd2 c5 9. Nf3 Nc6 10. Be2 cxd4 11. cxd4 O-O-O 12. O-O Kb8 13. a3 Rc8 14. b4 Nge7 15. Be3 Nd8 16. a4 Qxb4 17. Bd2 Qb6 18. a5 Qc7 19. a6 b6 20. Bd3 Bc6 21. Qb3 Qd7 22. Rfb1 Rc7 23. Ne2 Nc8 24. Nc3 Be7 25. h5 f6 26. Re1 Rf8 27. Bf4 f5 28. Rab1 Qe8 29. Bd2 Qxh5 30. Nb5 Rd7 31. Rec1 Bg5 32. Qc2 Bxd2 33. Qxd2 Qe8 34. Ne1 Qe7 35. Nc2 Bxb5 36. Bxb5 Rc7 37. Nb4 Rf7 38. Rxc7 Qxc7 39. Rc1 Qe7 40. Qc3 Qc7 41. Qd2 Qe7 42. Rc2 Rf8 43. Qc1 Nf7 44. Nc6+ Ka8 45. Nxe7 Nxe7 46. Rc7 1-0


[Site "https://www.chess.com"]

[Event "Titled Tuesday Blitz March 08 Early 2022"]
[White "Morefield, Jason"]
[Black "Papasimakopoulos, Alexandros"]
[WhiteFideId "30920825"]
[BlackFideId "4244125"]
[WhiteElo "2171"]
[BlackElo "2340"]
[Result "0-1"]
[Round "08"]
[TimeControl "180+1"]
[Date "2022.03.09"]
[WhiteClock "0:00:01"]
[BlackClock "0:00:08"]

1. d4 e6 2. c4 Nf6 3. Nf3 Bb4+ 4. Bd2 Qe7 5. e3 b6 6. Bd3 Bb7 7. O-O O-O 8. a3 Bxd2 9. Nbxd2 d6 10. e4 e5 11. Re1 Nbd7 12. b4 a5 13. Rb1 axb4 14. axb4 Ra3 15. Rb3 Ra2 16. Bb1 Ra1 17. Qc1 Rfa8 18. Qb2 g6 19. c5 bxc5 20. bxc5 Bc8 21. c6 Nb6 22. dxe5 dxe5 23. Nxe5 Be6 24. Rxb6 cxb6 25. Qxb6 Ba2 26. Qb2 Bxb1 27. Nxb1 R1a2 28. Qc3 R2a5 29. Nd3 R5a7 30. e5 Nd5 31. Qd4 Nc7 32. Qd6 Qg5 33. h3 Rd8 34. Qc5 Ra2 35. Nc3 Rc2 36. Nb4 Rb2 37. Ne4 Qf4 38. Nf6+ Kg7 39. Ng4 h5 40. Qe7 hxg4 41. Rf1 Rdd2 0-1


[Site "https://www.chess.com"]

[Event "Titled Tuesday Blitz March 08 Early 2022"]
[White "Moroni, Luca Jr"]
[Black "Jobava, Baadur"]
[WhiteFideId "865834"]
[BlackFideId "13601520"]
[WhiteElo "2573"]
[BlackElo "2617"]
[Result "1/2-1/2"]
[Round "08"]
[TimeControl "180+1"]
[Date "2022.03.08"]
[WhiteClock "0:00:05"]
[BlackClock "0:00:18"]

1. d4 d5 2. c4 dxc4 3. e3 e5 4. Bxc4 exd4 5. exd4 Nf6 6. Nf3 Bd6 7. Qe2+ Qe7 8. Qxe7+ Kxe7 9. Bg5 Re8 10. O-O Kf8 11. Bxf6 gxf6 12. Nc3 Bg4 13. Nb5 Bxf3 14. Nxd6 cxd6 15. gxf3 Nc6 16. Rfd1 Rac8 17. Rac1 Ke7 18. a3 f5 19. Bb5 Kf6 20. Kf1 a6 21. Bxc6 Rxc6 22. Rxc6 bxc6 23. Rc1 Rc8 24. Rc4 Ke6 25. Ra4 Ra8 26. Ra5 Rb8 27. b4 Ra8 28. Ke2 f4 29. Kd3 d5 30. a4 Rb8 31. Rxa6 Rxb4 32. Rxc6+ Kd7 33. Rf6 Ke7 34. Rxf4 Rxa4 35. Rh4 Ra3+ 36. Ke2 Ra2+ 37. Ke3 Ra3+ 38. Kf4 Ra2 39. Rxh7 Rxf2 40. h4 Ke6 41. Rh6+ f6 42. Rh8 Rd2 43. Ke3 Rh2 44. h5 Rh4 45. h6 Kf5 46. h7 Rh1 47. Kd3 Rh3 48. Kd2 Rh2+ 49. Kc3 Rh4 50. Kb3 Kf4 51. Kb4 Kxf3 52. Kc5 Rh5 53. Rf8 Rxh7 54. Rxf6+ Ke4 55. Re6+ Kd3 56. Rg6 Rd7 57. Rg3+ Ke4 58. Rg4+ Kd3 59. Rg3+ Ke4 60. Rg4+ Kd3 61. Rh4 Rd8 62. Rh3+ Ke4 63. Rh4+ Ke3 64. Rh3+ Ke4 65. Rh4+ Ke3 66. Rh3+ Ke4 1/2-1/2


[Site "https://www.chess.com"]

[Event "Titled Tuesday Blitz March 08 Early 2022"]
[White "Moskvin, Anatoly"]
[Black "Kovanova, Baira"]
[WhiteFideId "24199990"]
[BlackFideId "4164083"]
[WhiteElo "2079"]
[BlackElo "2190"]
[Result "0-1"]
[Round "08"]
[TimeControl "180+1"]
[Date "2022.03.09"]
[WhiteClock "0:00:03"]
[BlackClock "0:00:06"]

1. e4 e5 2. Nf3 Nc6 3. Bc4 Nf6 4. d3 Bc5 5. c3 d6 6. Nbd2 a6 7. Bb3 h6 8. h3 Ba7 9. Nf1 Be6 10. Ng3 d5 11. Qe2 O-O 12. Nh4 Na5 13. Bc2 Nxe4 14. dxe4 Qxh4 15. exd5 Bxd5 16. Nf5 Qf6 17. Qg4 Kh8 18. h4 e4 19. Bg5 Qg6 20. O-O-O c6 21. Bxe4 Bxe4 22. Qxe4 Rae8 23. Qf4 Nc4 24. Nxh6 Ne3 25. fxe3 Bxe3+ 26. Qxe3 Rxe3 27. Bxe3 gxh6 28. Bd4+ Kh7 29. Rd2 Re8 30. Rf1 Re7 31. Rdf2 Qh5 32. Rf5 Qxh4 33. Rxf7+ Rxf7 34. Rxf7+ Kg6 35. Rg7+ Kf5 36. Rxb7 Ke4 37. Kc2 Qg4 38. Re7+ Kd5 39. Re5+ Kd6 40. Ra5 Qxg2+ 41. Kb3 Qe2 42. Rc5 Qd1+ 43. Ka3 Qd3 44. Re5 Kd7 45. b4 Qd1 46. Bc5 h5 47. Re7+ Kd8 48. Ra7 Qd3 49. Ra8+ Kc7 50. Rh8 Qxc3+ 51. Ka4 Qxh8 52. Ka5 h4 53. b5 axb5 54. a4 bxa4 55. Ka6 h3 56. Bb6+ Kd7 57. Bd4 Qxd4 58. Ka5 a3 59. Ka6 a2 60. Kb7 a1=Q 61. Kb8 Qab2+ 62. Ka8 Qa4# 0-1


[Site "https://www.chess.com"]

[Event "Titled Tuesday Blitz March 08 Early 2022"]
[White "Neiksans, Arturs"]
[Black "Vokhidov, Shamsiddin"]
[WhiteFideId "11601388"]
[BlackFideId "14204223"]
[WhiteElo "2447"]
[BlackElo "2611"]
[Result "1-0"]
[Round "08"]
[TimeControl "180+1"]
[Date "2022.03.08"]
[WhiteClock "0:00:14"]
[BlackClock "0:00:05"]

1. e4 c5 2. Nf3 d6 3. Bb5+ Nd7 4. O-O a6 5. Bd3 Ngf6 6. Re1 b5 7. c4 g5 8. Nxg5 Ne5 9. Be2 bxc4 10. Nc3 Rg8 11. d4 cxd3 12. Bxd3 Bg4 13. Be2 Bh6 14. Nxh7 Nxh7 15. Bxh6 Qd7 16. Bf4 Bxe2 17. Qxe2 Qg4 18. Qxg4 Rxg4 19. Bxe5 dxe5 20. Nd5 Rc8 21. f3 Rg6 22. Rac1 Ng5 23. Rc3 Ne6 24. b4 c4 25. Kf2 Nd4 26. Rec1 Rgc6 27. Ne3 Rb8 28. Rxc4 Rxc4 29. Rxc4 a5 30. Nd5 e6 31. Ne3 axb4 32. Nc2 Nxc2 33. Rxc2 Ra8 34. Rb2 Ke7 35. h4 f5 36. Re2 Kf6 37. Kg3 Ra3 38. h5 Kg5 39. exf5 exf5 40. Rxe5 Rxa2 41. f4+ Kf6 42. Rb5 Ra3+ 43. Kh4 Rb3 44. Rb6+ Kf7 45. g3 Kg7 46. Rb5 Kf6 47. h6 Kg6 48. Rb6+ Kh7 49. Rf6 Rb1 50. Rxf5 Kxh6 51. Rb5 b3 52. Rb6+ Kg7 53. g4 b2 54. Kg5 Kf7 55. f5 Ke7 56. Rb4 Kf7 57. Rb7+ Ke8 58. Kf6 Rg1 59. Rxb2 Rxg4 60. Rb8+ Kd7 61. Rf8 Rg1 62. Kf7 Rf1 63. f6 Rf2 64. Ra8 Rf1 65. Ra2 Rf3 66. Rd2+ Kc7 67. Kg7 Rg3+ 68. Kf8 Rf3 69. f7 Rf1 70. Rg2 Kd7 71. Kg7 Ke7 72. Re2+ Kd7 73. f8=Q 1-0


[Site "https://www.chess.com"]

[Event "Titled Tuesday Blitz March 08 Early 2022"]
[White "Nguyen Hong Nhung"]
[Black "Fathy, Elameir"]
[WhiteFideId "12412201"]
[BlackFideId "10600396"]
[WhiteElo "1661"]
[BlackElo "2311"]
[Result "0-1"]
[Round "08"]
[TimeControl "180+1"]
[Date "2022.03.09"]
[WhiteClock "0:00:41"]
[BlackClock "0:00:23"]

1. e4 c6 2. d4 d5 3. f3 dxe4 4. fxe4 e5 5. Nf3 Bg4 6. Bc4 Nd7 7. O-O Ngf6 8. Bg5 h6 9. Bh4 Be7 10. Nbd2 O-O 11. c3 Qb6 12. Qc2 Rad8 13. Kh1 Qc7 14. Rae1 b5 15. Bb3 c5 16. dxc5 Nxc5 17. Bg3 Bd6 18. Bd5 Nxd5 19. exd5 f6 20. Qg6 Qd7 21. Nh4 f5 22. Bxe5 Bxe5 23. Qc6 Qxc6 24. dxc6 Rxd2 25. Rxe5 Nd3 26. Re7 f4 27. Ng6 Rf6 28. c7 Rxg6 29. Re8+ Kf7 30. c8=Q Bxc8 31. Rxc8 Rgxg2 32. Rc7+ Kg8 33. Rc8+ Kh7 34. Rc7 Rxh2+ 35. Kg1 Rdg2# 0-1


[Site "https://www.chess.com"]